Map: Automaton LE

Players

Creator

  • Race: Protoss Protoss
  • Spawn Location: 3:00

Zest - Winner!

  • Race: Protoss Protoss
  • Spawn Location: 9:00

Event: IEM Season 13: Katowice (2019)

VOD

Have the link to the VOD?

Description

Time

  • Played on: Feb. 28, 2019, 6:24 a.m.
  • Length: 8:41

All games in this series

Show
View Real Time Build Order
Export as new Build Order

Creator Protoss 

Build Orders: Oracle Opening 

Get SALT Encoding   

  12  0:00  Probe  
  13  0:12  Probe  
  14  0:18  Pylon  
  14  0:24  Probe  
  15  0:32  Probe  
  15  0:38  Gateway  
  15  0:40  Probe  
  16  0:48  Assimilator  
  17  0:51  Probe  
  17  0:55  Assimilator  
  18  0:59  Probe  
  19  1:08  Probe  
  19  1:09  Gateway  
  19  1:18  Probe  
  21  1:27  Cybernetics Core  
  21  1:30  Probe  
  22  1:42  Probe  
  22  1:45  Pylon  
  23  2:03  Probe  
  23  2:05  Stargate  
  23  2:08  Adept  
  26  2:10  Adept  
  28  2:15  Warp Gate  
  28  2:22  Pylon  
  27  2:38  Stalker  
  27  2:39  Oracle  
  32  2:53  Probe  
  31  3:11  Stalker  
  33  3:15  Shield Battery  
  33  3:23  Stalker  
  30  3:27  Probe  
  30  3:29  Oracle  
  31  3:40  Probe  
  33  3:49  Shield Battery  
  33  3:52  Probe  
  34  4:00  Twilight Council  
  30  4:17  Probe  
  30  4:20  Blink  
  31  4:29  Probe  
  32  4:42  Probe  
  30  5:00  Gateway  
  30  5:02  Pylon  
  30  5:05  Stalker  
  30  5:06  Probe  
  30  5:13  Pylon  
  30  5:21  Probe  
  31  5:27  Stalker  
  33  5:32  Stalker  
  35  5:57  Stalker x3  
  41  6:18  Probe  
  42  6:27  Nexus  
  42  6:33  Pylon  
  42  6:41  Stalker  
  42  6:44  Probe  
  45  6:52  Probe  
  44  6:54  Sentry  
  44  7:00  Probe  
  48  7:12  Probe  
  47  7:21  Robotics Facility  
  47  7:24  Probe  
  48  7:31  Stalker x2  
  48  7:36  Probe  
  53  7:39  Probe  
  54  7:45  Probe  
  54  7:47  Probe  
  56  7:53  Probe  
  56  7:55  Probe  
  57  7:59  Immortal  
  57  8:02  Probe  
  57  8:03  Shield Battery  
  59  8:06  Probe  
  59  8:09  Sentry  
  66  8:15  Pylon  
  66  8:20  Stalker  
  66  8:28  Zealot  
  66  8:33  Zealot  
Show
View Real Time Build Order
Export as new Build Order

Zest Protoss - Winner!

Build Orders: Oracle Opening 

Get SALT Encoding   

  12  0:00  Probe  
  13  0:12  Probe  
  14  0:18  Pylon  
  14  0:24  Probe  
  15  0:32  Probe  
  15  0:37  Gateway  
  15  0:40  Probe  
  16  0:47  Assimilator  
  17  0:51  Probe  
  17  0:56  Assimilator  
  18  1:00  Probe  
  19  1:08  Probe  
  19  1:09  Gateway  
  19  1:17  Probe  
  21  1:26  Cybernetics Core  
  21  1:30  Probe  
  22  1:36  Pylon  
  22  1:42  Probe  
  24  2:02  Stargate  
  24  2:04  Adept x2  
  27  2:08  Warp Gate  
  27  2:12  Probe  
  28  2:19  Pylon  
  28  2:35  Oracle  
  27  2:46  Stalker  
  27  2:49  Shield Battery  
  32  3:15  Oracle  
  33  3:29  Probe  
  28  3:41  Probe  
  29  3:53  Probe  
  30  3:57  Stalker x2  
  34  4:05  Probe  
  35  4:18  Probe  
  35  4:20  Pylon  
  35  4:22  Phoenix  
  36  4:26  Twilight Council  
  36  4:30  Probe  
  39  4:41  Pylon  
  39  4:42  Probe  
  40  4:55  Blink  
  41  5:07  Nexus  
  41  5:23  Probe  
  41  5:27  Stalker x2  
  42  5:35  Probe  
  42  5:37  Gateway  
  43  5:43  Robotics Facility  
  43  5:48  Probe  
  44  5:58  Sentry, Stalker  
  48  6:13  Probe  
  49  6:19  Immortal  
  49  6:32  Zealot, Stalker x2  
  59  6:51  Observer  
  60  7:02  Zealot, Stalker x2  
  60  7:04  Probe x2  
  66  7:08  Warp Prism  
  66  7:16  Probe x2  
  66  7:21  Pylon  
  70  7:28  Pylon  
  70  7:30  Pylon  
  70  7:42  Sentry, Stalker x2  
  76  7:51  Probe x2  
  78  7:59  Pylon  
  78  8:06  Stalker x2  
  78  8:07  Stalker  
  78  8:11  Pylon  
  84  8:32  Stalker x2  
  84  8:33  Zealot  

Tags
 
Add a new tag
Caveats
  • Supply blocks, unpowered buildings, or Contaminate may cause inaccurate times.
  • Supply counts are checked every 10 seconds.